 Dungeon Crawl Stone Soup version 0.20-a0-1078-g4874019 (webtiles) character file.

305521 FastMan the Executioner (level 20, 0/198 HPs)
             Began as a Minotaur Berserker on May 1, 2017.
             Was a High Priest of Trog.
             Hit by a large rock thrown by a stone giant (22 damage)
             ... on level 5 of the Vaults.
             The game lasted 00:48:25 (40646 turns).

FastMan the Executioner (Minotaur Berserker)       Turns: 40646, Time: 00:48:25

Health: 0/198      AC: 37    Str: 25    XL:     20   Next: 28%
Magic:  0/6        EV: 18    Int:  4    God:    Trog [*****.]
Gold:   1991       SH:  0    Dex: 20    Spells: 19/19 levels left

rFire    . . .     SeeInvis .   a - +6 executioner's axe (antimagic)
rCold    + . .     Gourm    .   (shield currently unavailable)
rNeg     + . .     Faith    .   r - +4 plate armour {rPois}
rPois    +         Spirit   +   Q - +2 hat
rElec    .         Reflect  .   (no cloak)
rCorr    .         Harm     .   M - +2 pair of gloves
MR       +++..                  S - +2 pair of boots
Stlth    ..........             P - amulet of guardian spirit
Regen    1.5/turn               C - ring "Getorphu" {rC+ rN+ Dex+4}
MPRegen  0.1/turn               j - +6 ring of protection

@: confused, about to teleport, very slightly contaminated, regenerating
A: retaliatory headbutt, horns 2
}: 2/15 runes: decaying, gossamer
a: Berserk, Trog's Hand, Brothers in Arms, Burn Spellbooks, Renounce Religion


You were on level 5 of the Vaults.
You worshipped Trog.
Trog was extremely pleased with you.
You were not hungry.

You visited 5 branches of the dungeon, and saw 34 of its levels.
You also visited: Desolation.

You collected 3008 gold pieces.
You spent 1017 gold pieces at shops.

Inventory:

Hand Weapons
 a - a +6 antimagic executioner's axe (weapon)
 b - a +2 executioner's axe of venom
Armour
 p - a +2 cloak
 r - a +4 plate armour of poison resistance (worn)
 M - a +2 pair of gloves (worn)
 O - the +3 scale mail "Olout" {rElec rN++}
   (You found it on level 3 of the Vaults)

   It insulates you from electricity.
   It greatly protects you from negative energy.
 Q - a +2 hat (worn)
 S - a +2 pair of boots (worn)
Jewellery
 g - an uncursed ring of protection from magic
 j - a +6 ring of protection (right hand)
 m - an uncursed ring of poison resistance
 u - an uncursed ring of fire
 y - the ring of Spite {-Tele Dex+5 Stlth+}
   (You found it on level 5 of the Vaults)

   [ring of stealth]

   It affects your dexterity (+5).
   It prevents most forms of teleportation.
   It makes you more stealthy.
 C - the ring "Getorphu" (left hand) {rC+ rN+ Dex+4}
   (You took it off a crimson imp on level 6 of the Dungeon)

   [ring of protection from cold]

   It affects your dexterity (+4).
   It protects you from cold.
   It protects you from negative energy.
 P - an amulet of guardian spirit (around neck)
Scrolls
 e - a scroll of identify {@r1}
 f - 6 scrolls of fear
 k - 8 scrolls of magic mapping
 o - 12 scrolls of remove curse {@r2}
 q - 8 scrolls of teleportation {@r3}
 s - a scroll of holy word
 t - 3 scrolls of fog
 x - 3 scrolls of blinking {@r4}
 A - 3 scrolls of immolation
 B - 3 scrolls of silence
 I - a scroll of summoning
Potions
 d - 5 potions of magic
 l - 6 potions of ambrosia
 n - 6 potions of brilliance {@q6}
 v - 2 potions of might {@q4}
 w - 3 potions of berserk rage
 z - 6 potions of haste {@q3}
 E - 3 potions of curing {@q1}
 F - 9 potions of mutation
 H - 2 potions of cancellation
 J - a potion of invisibility
 K - 6 potions of flight
 L - 3 potions of agility {@q5}
 V - 2 potions of resistance
Comestibles
 c - 3 bread rations {@e1}
 h - 25 fruits {@e4}
 i - 26 royal jellies {@e3}


   Skills:
 + Level 21.4 Fighting
 * Level 26.4 Axes
 + Level 17.5 Armour
 + Level 14.8 Dodging


You had 19 spell levels left.
You didn't know any spells.

Dungeon Overview and Level Annotations

Branches:
Dungeon (15/15)            Temple (0/1) D:6            Lair (6/6) D:9
  Swamp (4/4) Lair:3       Spider (4/4) Lair:2        Slime (0/5) Lair:5
    Orc (0/2) D:9          Vaults (5/5) D:14          Crypt (0/3) Vaults:2
 Depths (0/5) D:15

Altars:
Ashenzari
Dithmenos
Fedhas
Hepliaklqana
Kikubaaqudgha
Nemelex Xobeh
Okawaru
Qazlal
Sif Muna
Vehumet
Wu Jian
Yredelemnul
Zin
Beogh

Shops:
D:8 **   D:9 ?   D:12 (   Vaults:1 %

Annotations:
Lair:1 Sonja
Lair:4 exclusion: 3 oklob plants
Spider:4 Arachne
Vaults:5 Boris, Sojobo


Innate Abilities, Weirdness & Mutations

You reflexively headbutt those who attack you in melee.
You have a pair of horns on your head.


Message History

The deep elf elementalist casts a spell at you.
As you read the scroll of teleportation {@r3}, it crumbles to dust.
You feel strangely unstable.
You are engulfed in freezing vapours.
You resist.
* * * LOW HITPOINT WARNING * * *
The stone giant shouts!
The deep elf elementalist points at you and mumbles some strange words.
The fireball explodes!
You hear a sizzling sound! x3
The fireball engulfs you!
* * * LOW HITPOINT WARNING * * *
You hear a sizzling sound! x3
The stone giant throws a large rock.
The large rock hits you!
* * * LOW HITPOINT WARNING * * *
You hear a shout!
Unknown command.
You are confused.
You feel invigorated.
The vault sentinel blows a loud note on a signal horn!
The stone giant throws a large rock.
The large rock hits you!!
You die...

,,,,,#....##...###.,***,,,,***,,,
,,,,,#....###.## *#,,*,,,,,,*,,,,
,,*,,#....#*...##*.,,,,,,,,,,,,,,
,,*,,#...p#,....#..,,,,,,,,,,,,,,
*##,,#...)##......,,,,,,,,,,,,,,,
,....#...(#)....#,,,*,,,*,,,*,,,*
,e.........§.#,***,***,***,***,**
*###...e.(p.#############********
,...........e§..@§.....C.,,,,,,,,
,...........e§...§.......,,,,,,,,
*########################********


You could see a stone giant, a deep elf annihilator, a deep elf elementalist and
a vault sentinel.

Vanquished Creatures
  Bai Suzhen (Vaults:5)
  Boris (Vaults:4)
  A golden dragon (Vaults:4)
  A bone dragon (Vaults:2)
  Gastronok (Lair:1)
  6 sphinxes
  2 thorn hunters (Swamp:4)
  2 shadow dragons (Vaults:5)
  Frances (Swamp:2)
  2 tengu reavers
  Kirke (Swamp:1)
  A storm dragon (Vaults:4)
  Donald (Swamp:4)
  A deep elf sorcerer (Vaults:3)
  A fire giant (Vaults:4)
  2 frost giants
  6 ghost moths
  7 vault wardens
  2 deep elf elementalists (Vaults:5)
  11 ironheart preservers
  An emperor scorpion (Spider:2)
  A war gargoyle (Vaults:5)
  6 entropy weavers
  6 stone giants
  A deep elf demonologist (Vaults:3)
  A dire elephant (D:15)
  5 spark wasps
  2 ettins (Vaults:5)
  Snorg (Lair:4)
  A fire dragon (Vaults:1)
  3 great orbs of eyes (Vaults:1)
  3 ice dragons
  6 yaktaur captains
  A rakshasa (Vaults:2)
  34 vault guards
  17 hydras
  A ghost crab (Swamp:3)
  A catoblepas (Lair:2)
  7 alligators
  A death knight (Vaults:4)
  11 two-headed ogres
  8 centaur warriors
  Erica (D:8)
  The ghost of Nekbeztal the Basher, a journeyman GrFi (D:8)
  8 ogre magi
  4 deep elf knights
  3 skeletal warriors (D:13)
  A shadow wraith (Vaults:1)
  3 shambling mangroves
  A spriggan druid (Swamp:4)
  3 glowing orange brains (Vaults:3)
  2 wizards
  A deep troll (Vaults:1)
  2 unseen horrors
  A flayed ghost (Vaults:4)
  3 deep elf archers
  12 swamp dragons
  19 orb spiders
  A phantasmal warrior (Vaults:4)
  A lindwurm (shapeshifter) (Vaults:4)
  An orb spider (shapeshifter) (Vaults:1)
  12 ironbrand convokers
  A harpy (shapeshifter) (Vaults:1)
  9 orc knights
  A frost giant zombie (Vaults:4)
  3 necromancers
  A wolf spider zombie (D:14)
  An orc sorcerer (Vaults:3)
  A shadow dragon skeleton (Vaults:4)
  10 deep elf magi
  34 wolf spiders
  30 slime creatures
  2 manticores (D:15)
  2 salamanders (shapeshifter) (Vaults:4)
  A salamander (D:15)
  28 ugly things
  11 cyclopes
  4 black mambas
  10 vault sentinels
  A rime drake (shapeshifter) (Vaults:1)
  A gargoyle (D:14)
  26 yaktaurs
  29 spiny frogs
  2 freezing wraiths
  A human zombie (Vaults:4)
  15 rime drakes
  9 komodo dragons
  7 demonic crawlers
  An efreet (D:14)
  A tengu conjurer (D:14)
  A troll (shapeshifter) (D:14)
  5 trolls
  29 jumping spiders
  25 hornets
  11 tyrant leeches
  A slime creature (shapeshifter) (Vaults:2)
  33 blink frogs
  11 hippogriffs
  9 bog bodies
  A sphinx simulacrum (Vaults:2)
  A shadow dragon simulacrum (Vaults:3)
  12 dream sheep (Lair:5)
  A stone giant simulacrum (Vaults:4)
  56 redbacks
  A spriggan (shapeshifter) (Vaults:3)
  27 tarantellas
  4 shadows
  3 wraiths
  8 spriggans
  5 wyverns
  3 basilisks
  25 yaks
  A vampire (D:14)
  A basilisk (shapeshifter) (Vaults:1)
  11 vampire mosquitoes
  2 hogs (Swamp:1)
  3 hungry ghosts
  6 steam dragons (Lair:2)
  4 acid dragons
  12 swamp worms
  8 insubstantial wisps
  4 water moccasins
  19 swamp drakes
  3 porcupines
  A phantom (D:8)
  23 orc warriors
  4 ice beasts
  2 black bears
  3 sky beasts
  A necrophage (D:15)
  The ghost of djmy96 the Shield-Bearer, an amateur FoFi of Okawaru (D:3)
  34 centaurs
  12 wolves
  25 ogres
  13 crocodiles
  5 big kobolds
  32 bullfrogs
  2 wyvern zombies
  A glowing shapeshifter simulacrum (Vaults:4)
  A scorpion (D:9)
  3 killer bees (D:11)
  13 wights
  4 electric eels
  A howler monkey (D:9)
  5 crimson imps
  2 yaktaur simulacra
  6 centaur zombies
  9 jellies
  A quasit (D:5)
  A wyvern simulacrum (D:14)
  3 hounds
  15 orc priests
  A gnoll shaman (D:10)
  6 centaur skeletons
  5 bullfrog skeletons
  3 iguanas
  22 orc wizards
  6 worker ants
  2 hound zombies
  A hound skeleton (D:7)
  2 worker ant zombies
  4 gnolls
  11 adders
  3 shadow imps
  6 oozes
  2 adder zombies
  2 adder skeletons
  2 worms
  4 dart slugs
  2 leopard geckos
  78 orcs
  3 bats
  4 giant cockroaches
  8 goblins
  9 hobgoblins
  5 jackals
  24 kobolds
  3 quokkas
  2 frilled lizards
  4 rats
  A briar patch (Swamp:4)
  5 fungi
  11 plants
1301 creatures vanquished.

Vanquished Creatures (collateral kills)
  A deep elf demonologist (Vaults:5)
  2 spark wasps (Spider:4)
  An ettin (Vaults:5)
  3 hydras (Swamp:4)
  2 vault guards (D:14)
  2 two-headed ogres (Vaults:1)
  A tengu warrior (D:14)
  2 swamp dragons (Swamp:4)
  A wizard (Vaults:1)
  2 orb spiders
  A wolf spider (Spider:4)
  A yaktaur (Vaults:5)
  4 jumping spiders
  A hornet (Swamp:4)
  A redback (Spider:4)
  A tarantella (Spider:4)
  A yaktaur simulacrum (Vaults:1)
  2 swamp drakes (Swamp:4)
29 creatures vanquished.

Vanquished Creatures (others)
  A fire crab (D:15)
  A spiny frog (Lair:6)
  A jumping spider (Spider:2)
  A hornet (Spider:4)
  A yak (D:14)
  A human (Swamp:1)
  A steam dragon (Lair:2)
  An orc priest (Vaults:2)
  5 briar patches (Swamp:4)
  A bush (Lair:2)
  10 fungi
  17 plants
41 creatures vanquished.

Grand Total: 1371 creatures vanquished

Notes
Turn   | Place    | Note
-------+----------+-------------------------------------------
     0 | D:1      | FastMan the Minotaur Berserker began the quest for the Orb.
     0 | D:1      | Reached XP level 1. HP: 19/19 MP: 0/0
    48 | D:1      | Reached skill level 4 in Axes
    79 | D:1      | Reached XP level 2. HP: 18/27 MP: 1/1
   435 | D:2      | Reached XP level 3. HP: 25/33 MP: 2/2
   491 | D:2      | Found a radiant altar of Vehumet.
   532 | D:2      | Reached ** piety under Trog
   628 | D:2      | Found a stormy altar of Qazlal.
   629 | D:2      | Noticed an earth elemental
   679 | D:2      | Noticed a fire elemental
   682 | D:2      | Noticed an air elemental
   685 | D:2      | Noticed a water elemental
   724 | D:2      | Reached skill level 5 in Axes
   938 | D:3      | Noticed djmy96's ghost (amateur FoFi)
   947 | D:3      | Killed djmy96's ghost
   947 | D:3      | Reached skill level 6 in Axes
   947 | D:3      | Reached XP level 4. HP: 40/41 MP: 3/3
   947 | D:3      | Reached XP level 5. HP: 46/47 MP: 4/4
  1272 | D:3      | Reached skill level 5 in Fighting
  1480 | D:3      | Found a deep blue altar of Sif Muna.
  1591 | D:3      | Found a shattered altar of Ashenzari.
  1680 | D:4      | Reached skill level 7 in Axes
  1694 | D:4      | Reached XP level 6. HP: 35/56 MP: 5/5
  1881 | D:4      | Reached *** piety under Trog
  1894 | D:4      | Reached skill level 8 in Axes
  2388 | D:5      | Entered Level 5 of the Dungeon
  2405 | D:5      | Reached XP level 7. HP: 63/63 MP: 6/6
  2490 | D:5      | Reached skill level 9 in Axes
  3007 | D:5      | Found a sparkling altar of Nemelex Xobeh.
  3007 | D:5      | Found a basalt altar of Yredelemnul.
  3007 | D:5      | Found an ornate altar of the Wu Jian Council.
  3197 | D:6      | Reached skill level 10 in Axes
  3197 | D:6      | Reached XP level 8. HP: 69/73 MP: 7/7
  3720 | D:6      | Got a clouded copper ring
  3793 | D:6      | Found a staircase to the Ecumenical Temple.
  3804 | D:6      | Identified the ring "Getorphu" {rC+ rN+ Dex+4} (You took it off a crimson imp on level 6 of the Dungeon)
  3905 | D:6      | Found a shadowy altar of Dithmenos.
  4000 | D:6      | Reached skill level 11 in Axes
  4011 | D:6      | Reached **** piety under Trog
  4359 | D:6      | Found a deep blue altar of Sif Muna.
  4586 | D:7      | Reached XP level 9. HP: 80/82 MP: 8/8
  4593 | D:7      | Reached skill level 12 in Axes
  4745 | D:7      | Found a hazy altar of Hepliaklqana.
  4981 | D:8      | Noticed a troll
  4984 | D:8      | Noticed Nekbeztal's ghost (journeyman GrFi)
  4987 | D:8      | Killed a troll
  5002 | D:8      | Killed Nekbeztal's ghost
  5002 | D:8      | Reached skill level 10 in Fighting
  5002 | D:8      | Reached skill level 13 in Axes
  5213 | D:8      | Found a blossoming altar of Fedhas.
  5254 | D:8      | Found a basalt altar of Yredelemnul.
  5261 | D:8      | Found Xonurchaxya's Assorted Antiques.
  5266 | D:8      | Bought a scroll of teleportation for 81 gold pieces
  5266 | D:8      | Bought a scroll of teleportation for 81 gold pieces
  5354 | D:8      | Noticed Erica
  5367 | D:8      | Killed Erica
  5367 | D:8      | Reached skill level 14 in Axes
  5367 | D:8      | Reached XP level 10. HP: 94/94 MP: 9/9
  5496 | D:8      | Got a smoking scale mail
  5507 | D:8      | Identified the +4 scale mail of Amelioration {rN+ Int+3} (You found it on level 8 of the Dungeon)
  5622 | D:8      | Found Vuth's Assorted Antiques.
  5638 | D:8      | Bought a scroll of teleportation for 105 gold pieces
  5974 | D:9      | Found a staircase to the Lair.
  5986 | D:9      | Reached ***** piety under Trog
  6518 | D:9      | Received a gift from Trog
  6533 | D:9      | Found a flagged portal.
  6613 | D:9      | Found Bum Wausiule's Magic Scroll Emporium.
  6615 | D:9      | Found an ancient bone altar of Kikubaaqudgha.
  6716 | D:9      | Found a roughly hewn altar of Beogh.
  6716 | D:9      | Found a staircase to the Orcish Mines.
  6743 | D:9      | Reached skill level 15 in Axes
  7147 | D:10     | Entered Level 10 of the Dungeon
  7289 | D:10     | Killed an unseen horror
  7478 | D:10     | Reached XP level 11. HP: 97/102 MP: 10/10
  7728 | D:11     | Noticed a red ugly thing
  7739 | D:11     | Killed a red ugly thing
  7739 | D:11     | Reached skill level 5 in Armour
  7873 | D:11     | Reached skill level 5 in Dodging
  8237 | D:11     | Noticed a cyan ugly thing
  8238 | D:11     | Noticed a centaur warrior
  8244 | D:11     | Killed a centaur warrior
  8244 | D:11     | Reached skill level 16 in Axes
  8247 | D:11     | Killed a cyan ugly thing
  8247 | D:11     | Received a gift from Trog
  8538 | D:11     | Noticed a green ugly thing
  8545 | D:11     | Killed a green ugly thing
  8847 | D:12     | Noticed a cyan ugly thing
  8849 | D:12     | Noticed an orc knight
  8853 | D:12     | Killed a cyan ugly thing
  8858 | D:12     | Killed an orc knight
  9242 | D:12     | Noticed a two-headed ogre
  9246 | D:12     | Killed a two-headed ogre
  9386 | D:12     | Found Ditulig's Antique Weapon Boutique.
  9449 | D:12     | Noticed a cyan ugly thing
  9454 | D:12     | Reached XP level 12. HP: 82/113 MP: 11/11
  9545 | D:12     | Reached skill level 17 in Axes
  9756 | D:12     | You fall through a shaft!
 10217 | D:13     | Noticed a centaur warrior
 10232 | D:13     | Killed a centaur warrior
 10524 | D:13     | Noticed a centaur warrior
 10535 | D:13     | Killed a centaur warrior
 11245 | D:14     | Found an ornate altar of the Wu Jian Council.
 11410 | D:14     | Reached skill level 18 in Axes
 11417 | D:14     | Received a gift from Trog
 11512 | D:14     | Reached XP level 13. HP: 121/122 MP: 8/12
 12709 | D:14     | Found a gate to the Vaults.
 12739 | D:14     | Reached skill level 10 in Armour
 12757 | D:14     | Reached skill level 19 in Axes
 13159 | D:15     | Entered Level 15 of the Dungeon
 13213 | D:15     | Found an iron altar of Okawaru.
 13626 | D:15     | Received a gift from Trog
 13964 | D:15     | Found a staircase to the Depths.
 13964 | D:15     | Noticed a dire elephant
 13979 | D:15     | Killed a dire elephant
 13979 | D:15     | Reached XP level 14. HP: 130/133 MP: 13/13
 13987 | D:15     | Reached skill level 10 in Dodging
 14777 | Lair:1   | Entered Level 1 of the Lair of Beasts
 14847 | Lair:1   | Noticed Sonja
 14889 | Lair:1   | Noticed Gastronok
 14905 | Lair:1   | Killed Gastronok
 15493 | Lair:2   | Reached skill level 20 in Axes
 15607 | Lair:2   | Reached skill level 15 in Fighting
 16269 | Lair:2   | Found a hole to the Spider Nest.
 16736 | Lair:3   | Found a glowing silver altar of Zin.
 16777 | Lair:3   | Found a staircase to the Swamp.
 17960 | Lair:4   | Noticed Snorg
 17977 | Lair:4   | Killed Snorg
 18483 | Lair:4   | Found a dark tunnel.
 18941 | Lair:5   | Received a gift from Trog
 18974 | Lair:5   | Reached XP level 15. HP: 122/143 MP: 11/14
 19387 | Lair:5   | Found a staircase to the Slime Pits.
 19456 | Lair:5   | Reached skill level 21 in Axes
 19708 | Lair:6   | Entered Level 6 of the Lair of Beasts
 19748 | Lair:6   | Received a gift from Trog
 20486 | Spider:1 | Entered Level 1 of the Spider Nest
 20493 | Spider:1 | Killed a ghost moth
 21631 | Spider:2 | Killed a ghost moth
 22549 | Spider:3 | Reached XP level 16. HP: 105/155 MP: 10/15
 23178 | Spider:3 | Received a gift from Trog
 23262 | Spider:3 | Reached skill level 22 in Axes
 23828 | Spider:4 | Entered Level 4 of the Spider Nest
 23917 | Spider:4 | Reached ****** piety under Trog
 24631 | Spider:4 | Received a gift from Trog
 25265 | Spider:4 | Got a gossamer rune of Zot
 25512 | Spider:4 | Reached skill level 15 in Armour
 25629 | Spider:4 | Noticed Arachne
 25956 | Swamp:1  | Entered Level 1 of the Swamp
 26045 | Swamp:1  | Noticed Kirke
 26060 | Swamp:1  | Killed Kirke
 26060 | Swamp:1  | Reached XP level 17. HP: 166/166 MP: 4/16
 26668 | Swamp:2  | Noticed Frances
 26686 | Swamp:2  | Killed Frances
 27752 | Swamp:3  | Reached skill level 23 in Axes
 27756 | Swamp:3  | Received a gift from Trog
 28358 | Swamp:4  | Entered Level 4 of the Swamp
 29206 | Swamp:4  | Noticed Donald
 29218 | Swamp:4  | Killed Donald
 30667 | Swamp:4  | Paralysed by a hornet for 2 turns
 30972 | Swamp:4  | Got a decaying rune of Zot
 31047 | Swamp:4  | Received a gift from Trog
 31052 | Swamp:4  | Reached skill level 24 in Axes
 31411 | Vaults:1 | Entered Level 1 of the Vaults
 31862 | Vaults:1 | Reached XP level 18. HP: 178/178 MP: 5/17
 32070 | Vaults:1 | Received a gift from Trog
 33354 | Vaults:1 | Found Plog's Food Shop.
 33517 | D:9      | Bought a scroll of enchant weapon for 90 gold pieces
 33517 | D:9      | Bought a scroll of acquirement for 624 gold pieces
 33517 | D:9      | Bought a scroll of teleportation for 36 gold pieces
 33518 | D:9      | Got a bloodstained buckler
 33805 | Vaults:2 | Received a gift from Trog
 34774 | Vaults:2 | Found a staircase to the Crypt.
 34838 | Vaults:2 | Noticed a bone dragon
 34853 | Vaults:2 | Killed a bone dragon
 34853 | Vaults:2 | Reached skill level 25 in Axes
 35784 | Vaults:3 | Reached XP level 19. HP: 187/187 MP: 6/18
 36125 | Vaults:3 | Got a bloodstained scale mail
 36126 | Vaults:3 | Identified the +3 scale mail "Olout" {rElec rN++} (You found it on level 3 of the Vaults)
 36533 | Vaults:3 | Received a gift from Trog
 36898 | Vaults:4 | Found a ruined gateway.
 37184 | Desolati | Entered the Desolation of Salt
 37652 | Vaults:4 | Found a hazy altar of Hepliaklqana.
 37688 | Vaults:4 | Noticed Boris
 37697 | Vaults:4 | Killed Boris
 37946 | Vaults:4 | Received a gift from Trog
 39179 | Vaults:5 | Entered Level 5 of the Vaults
 39209 | Vaults:4 | Reached skill level 26 in Axes
 40174 | Vaults:4 | Reached XP level 20. HP: 183/198 MP: 6/19
 40225 | Vaults:5 | Received a gift from Trog
 40228 | Vaults:5 | Noticed a golden dragon
 40499 | Vaults:5 | Noticed Bai Suzhen
 40506 | Vaults:4 | Killed a golden dragon
 40565 | Vaults:5 | Killed Bai Suzhen
 40569 | Vaults:5 | Noticed Boris
 40610 | Vaults:5 | Noticed Sojobo
 40619 | Vaults:5 | Got a glittering bronze ring
 40643 | Vaults:5 | Identified the ring of Spite {-Tele Dex+5 Stlth+} (You found it on level 5 of the Vaults)
 40646 | Vaults:5 | Hit by a large rock thrown by a stone giant

Vault maps used:
D:1:      enne_arrival_octagon_isle, hangedman_decor_peaks_small
D:2:      fiery_altar_vehumet, nicolae_qazlal_style_of_elements
D:3:      lemuel_doored_altar, lemuel_coloured_pillars_altar
D:5:      cheibrodos_thug_alley, gammafunk_temple_overflow_forgotten,
          first_bread, corexii_leaking_fountain
D:6:      kennysheep_little_box, minmay_temple_entry_junction, led_sif_pool
D:7:      lemuel_round_altar
D:8:      kennysheep_mini, serial_shops, shop, shop,
          hangedman_little_slice_of_home, grunt_decor_cap,
          yredelemnul_altar_generic, uniq_erica
D:9:      lair_entry_dummy, david_orc_5, enter_bailey_3, serial_shops,
          nicolae_shop_waterfront, lemuel_tele_altar
D:11:     lab_entry_generic
D:12:     serial_shops, shop_fountains
D:14:     erik_vaults_2, infiniplex_staircase_zigzag_4, basic_altar,
          moated_statue, minmay_item_behind_shaft,
          hangedman_abyss_or_decor_lesser_grid, serial_bayou_pond_b
D:15:     hangedman_depths_entry_try_elsewhere_first, basic_altar,
          wad_floor_pattern_1, spider_trap
Lair:1:   grunt_megastairs_2, lemuel_fruit_tree, uniq_gastronok, uniq_sonja
Lair:2:   dummy_spider_entry, bobbens_dragon_lair_wall, grunt_megastairs_3
Lair:3:   minmay_swamp_entry_reptiles, basic_altar
Lair:4:   nicolae_volcano_entry_lava_flow, minmay_lair_oklob_chamber, uniq_snorg
Lair:5:   cheibrodos_lair_river_kwai, slime_dummy, minivault_27,
          grunt_forest_large_clearing_hut, grunt_megastairs_4
Lair:6:   minmay_lair_end_frog_pond
Swamp:1:  hangedman_swamp_ruin_wall, infiniplex_staircase_pool, uniq_kirke
Swamp:2:  hangedman_swamp_ruin_hall, swamp_pool1, uniq_frances
Swamp:3:  portal_ice_cave_entry_dragon, nicolae_swamp_dense_foliage
Swamp:4:  swamp_basic_johnstein, uniq_donald
Spider:2: spiders_nest_spider_trap
Spider:4: grunt_spider_rune_parallel, uniq_arachne
Vaults:1: nicolae_vaults_network_square, vaults_room_ringed_pool,
          nicolae_vaults_big_ls, vaults_room_corners,
          nicolae_vaults_lopsided_apartments, v_pattern_4, v_misc_17,
          vaults_mumra_lcd, hangedman_vaults_corner_blocks,
          hangedman_vaults_nails, ontoclasm_vaults_ring_square, v_misc_8,
          ontoclasm_vaults_decontamination, vaults_dpeg_ring, serial_shops, shop
Vaults:2: vaults_mumra_hexcomb, v_rooms_2, nicolae_vaults_three_branches,
          hangedman_vaults_snaps, minmay_crypt_entry_nasty_monster,
          v_alt_pattern_6, ontoclasm_vaults_ligature, nicolae_vaults_alarming
Vaults:3: ontoclasm_vaults_loading_screen, v_misc_2, nicolae_vaults_rhombus_6,
          nicolae_vaults_network_periphery,
          vaults_standard_mumra_enter_the_diamond, v_misc_15,
          nicolae_vaults_asterisk, ontoclasm_vaults_loading_screen
Vaults:4: nicolae_vaults_little_squares_3, v_misc_12,
          nicolae_vaults_shelves_hall, v_misc_31, v_pattern_1, v_misc_18,
          ontoclasm_vaults_gateway, grunt_vaults_swirl, vaults_room_fours,
          vaults_dpeg_diagonal, portal_desolation_entry_ruin, basic_altar,
          uniq_boris
Vaults:5: serial_shops, uniq_sojobo, uniq_boris, uniq_bai_suzhen

Skill      XL: |  1  2  3  4  5  6  7  8  9 10 11 12 13 14 15 16 17 18 19 |
---------------+----------------------------------------------------------+-----
Axes           | 4 6 7 8 10 11 14 15 16 18 19 20 21 22 24 25 26 | 26.4
Fighting       | 4 5 6 7 8 10 11 12 13 14 15 17 18 19 20 21 | 21.4
Armour         | 4 6 9 10 12 13 15 16 17 | 17.5
Dodging        | 4 6 8 9 10 12 13 14 | 14.8

Action                   |  1- 3 |  4- 6 |  7- 9 | 10-12 | 13-15 | 16-18 | 19-21 || total
-------------------------+-------+-------+-------+-------+-------+-------+-------++-------
Melee: Hand axe          |    83 |    49 |       |       |       |       |       ||   132
       Headbutt          |    13 |    15 |    40 |   134 |   221 |   312 |   119 ||   854
       War axe           |       |    20 |   202 |   132 |       |       |       ||   354
       Battleaxe         |       |       |       |   357 |   904 |   303 |       ||  1564
       Executioner's axe |       |       |       |       |       |   855 |   356 ||  1211
Invok: Berserk           |     1 |     1 |     2 |    11 |    16 |    28 |    10 ||    69
       Trog's Hand       |       |     1 |     1 |     4 |    11 |    26 |    13 ||    56
       Burn Spellbooks   |       |     1 |       |     1 |     1 |     5 |     1 ||     9
       Brothers in Arms  |       |       |       |       |     7 |    10 |     1 ||    18
  Use: Scroll            |       |       |     7 |    15 |    18 |    16 |    13 ||    69
       Potion            |       |       |       |       |     1 |     4 |    12 ||    17
 Stab: Held in net/web   |       |       |       |       |       |     2 |       ||     2
       Distracted        |       |       |       |       |       |       |     1 ||     1
  Eat: Chunk             |       |     7 |    10 |    22 |    44 |    17 |     7 ||   107
       Meat ration       |       |       |     1 |     2 |     1 |     7 |     3 ||    14
       Bread ration      |       |       |       |     1 |     2 |     7 |     2 ||    12
Armor: Animal skin       |    11 |       |       |       |       |       |       ||    11
       Chain mail        |    20 |    71 |    83 |       |       |       |       ||   174
       Plate armour      |       |       |    50 |   133 |   566 |  1000 |   174 ||  1923
       Scale mail        |       |       |       |   134 |       |       |    70 ||   204
Dodge: Dodged            |    44 |    36 |    75 |   264 |   480 |   932 |   331 ||  2162
